 Dungeon Crawl Stone Soup version 0.20.1-1-g8b1a95d (webtiles) character file.

2662 exaltech the Destroyer (level 9, 0/62 HPs)
             Began as a Red Draconian Conjurer on Dec 7, 2017.
             Was a Priest of Sif Muna.
             Killed by divine providence
             ... invoked by an orc priest
              (11 damage)
             ... on level 8 of the Dungeon.
             The game lasted 00:20:38 (8809 turns).

exaltech the Destroyer (Red Draconian Conjurer)     Turns: 8809, Time: 00:20:39

Health: 0/62       AC: 11    Str: 11    XL:     9   Next: 36%
Magic:  0/12       EV: 12    Int: 18    God:    Sif Muna [***...]
Gold:   244        SH:  0    Dex: 12    Spells: 1/12 levels left

rFire    + . .     SeeInvis .   k - +4 spear (pierce)
rCold    . . .     Gourm    .   (no shield)
rNeg     . . .     Faith    .   (armour unavailable)
rPois    .         Spirit   .   (helmet restricted)
rElec    .         Reflect  .   (no cloak)
rCorr    .         Harm     .   D - +0 pair of gloves
MR       .....                  (no boots)
Stlth    ++........             (no amulet)
Regen    0.2/turn               m - +3 ring of protection
MPRegen  0.2/turn               (no ring)

@: short of breath
A: breathe fire, unfitting armour, fire resistance 1, cold-blooded, AC +7
a: Breathe Fire, Divine Energy, Channel Magic, Renounce Religion


You were on level 8 of the Dungeon.
You worshipped Sif Muna.
Sif Muna was most pleased with you.
You were near starving.

You visited 2 branches of the dungeon, and saw 9 of its levels.

You collected 244 gold pieces.

Inventory:

Hand Weapons
 j - a +0 dagger
 k - a +4 spear of piercing (weapon)
 q - a -3 dagger
 s - a +1 rapier
Armour
 D - a +0 pair of gloves (worn)
Jewellery
 m - a +3 ring of protection (left hand)
Wands
 p - a wand of random effects (25/48)
 x - a wand of iceblast (2/15)
Scrolls
 d - a scroll of enchant armour {unknown}
 g - 2 scrolls of immolation
 l - 2 scrolls of remove curse
 o - 4 scrolls of identify
 w - 2 scrolls of teleportation
 y - a scroll of brand weapon {unknown}
 z - a scroll of amnesia {unknown}
 B - a scroll of torment {unknown}
Potions
 e - a potion of brilliance
 f - a potion of agility
 h - 2 potions of might {unknown}
 i - 6 potions of curing
 n - 2 potions of haste {unknown}
 t - a potion of berserk rage {unknown}
 v - a potion of lignification {unknown}
 A - a potion of invisibility {unknown}
 C - a potion of degeneration {unknown}
Books
 a - a book of Conjurations

   Spells                             Type                      Level
   a - Magic Dart                     Conjuration                  1
   b - Searing Ray                    Conjuration                  2
   c - Dazzling Spray                 Conjuration/Hexes            3
   d - Fulminant Prism                Conjuration/Hexes            4
   e - Force Lance                    Conjuration/Translocation    4
   f - Iskenderun's Mystic Blast      Conjuration                  4
Comestibles
 b - 9 bread rations
 c - 4 meat rations
 r - a royal jelly
 u - 4 fruits


   Skills:
 - Level 1.7 Dodging
 - Level 1.7 Stealth
 - Level 2.0 Spellcasting
 + Level 13.0 Conjurations


You had one spell level left.
You knew the following spells:

 Your Spells              Type           Power        Failure   Level  Hunger
a - Magic Dart            Conj           ####         1%          1    #......
b - Searing Ray           Conj           #####.       1%          2    ###....
c - Iskenderun's Mystic   Conj           #####...     1%          4    #####..
d - Force Lance           Conj/Tloc      ####....     12%         4    #####..


Dungeon Overview and Level Annotations

Branches:
Dungeon (8/15)             Temple (1/1) D:4
   Lair: D:8-11

Altars:
Ashenzari
Dithmenos
Elyvilon
Gozag
Hepliaklqana
Kikubaaqudgha
Makhleb
Nemelex Xobeh
Okawaru
Qazlal
Ru
Sif Muna
Trog
Uskayaw
Vehumet
Yredelemnul
Zin


Innate Abilities, Weirdness & Mutations

You can breathe blasts of fire.
Your fiery red scales are hard. (AC +7)
You cannot fit into any form of body armour.
Your flesh is heat resistant. (rF+)
You are cold-blooded and may be slowed by cold attacks.


Message History

The orc warrior misses you.
Casting: Searing Ray
Confirm with . or Enter, or press ? or * to list all spells.
Aiming: Searing Ray
Press: ? - help, Shift-Dir - straight line, f/p - orc warrior
Aim: an orc warrior, wielding a hand axe and wearing a shiny plate armour (almost dead)
The searing ray hits the orc warrior.
You kill the orc warrior!
Sif Muna accepts your kill.
Your Conjurations skill increases to level 13! (Press . to maintain the ray.)
You are near starving!
Without enough magic to sustain it, your searing ray dissipates.
The orc priest shouts!
The orc priest calls down the wrath of Beogh upon you.
Beogh smites you!
* * * LOW HITPOINT WARNING * * *
The orc priest calls down the wrath of Beogh upon you.
Beogh smites you!
You die...

#.########### #.....
#.#.......... #...oo
#.#.######### #.....
#.......... #..... #+#
#.#.#..#### #..... #.#
#.#....# #..... #.# #.#.#.##
#....o###.######.#.#.#
#oo..).@.....#.#.#
##########.########.#.#
#...................#.#######
#.########.####..............
#.#..........################
#.##.#####.#.# #.##...(...#.#
#.##..######.# #.##..# #.#


You could see 3 orc priests.

Vanquished Creatures
  A hornet (D:8)
  A hippogriff (D:6)
  Menkaure (D:5)
  A water moccasin (D:6)
  2 orc warriors
  A sky beast (D:6)
  2 phantoms (D:6)
  4 ogres
  A big kobold (D:4)
  2 bullfrogs
  A gnoll sergeant (D:6)
  2 scorpions
  2 howler monkeys
  2 jellies
  2 hounds
  3 centaur skeletons
  2 orc priests
  An iguana (D:7)
  An orc wizard (D:7)
  8 worker ants
  A killer bee zombie (D:7)
  7 gnolls
  A howler monkey skeleton (D:7)
  10 adders
  A shadow imp (D:6)
  3 adder skeletons
  A worm (D:3)
  2 dart slugs
  6 leopard geckos
  17 orcs
  8 bats
  5 giant cockroaches
  5 goblins
  11 hobgoblins
  25 jackals
  2 quokkas
  2 ball pythons
  4 frilled lizards
  4 kobolds
  2 leopard gecko skeletons
  A quokka skeleton (D:4)
  A quokka zombie (D:7)
  6 rats
165 creatures vanquished.

Notes
Turn   | Place    | Note
-------+----------+-------------------------------------------
     0 | D:1      | exaltech the Draconian Conjurer began the quest for the Orb.
     0 | D:1      | Reached XP level 1. HP: 14/14 MP: 3/3
   279 | D:1      | Reached XP level 2. HP: 20/20 MP: 1/5
   724 | D:1      | Learned a level 2 spell: Searing Ray
  1337 | D:1      | Reached skill level 5 in Conjurations
  1445 | D:2      | Reached XP level 3. HP: 26/26 MP: 3/6
  1778 | D:2      | Found a glowing silver altar of Zin.
  2093 | D:3      | Reached XP level 4. HP: 33/33 MP: 5/7
  2209 | D:3      | Reached skill level 6 in Conjurations
  2581 | D:3      | Reached XP level 5. HP: 38/38 MP: 4/8
  2591 | D:3      | Learned a level 4 spell: Iskenderun's Mystic Blast
  2596 | D:3      | Found a sparkling altar of Nemelex Xobeh.
  3797 | D:4      | Reached skill level 7 in Conjurations
  3797 | D:4      | Reached XP level 6. HP: 45/45 MP: 1/9
  4197 | D:4      | Found an opulent altar of Gozag.
  4234 | D:4      | Found a staircase to the Ecumenical Temple.
  4244 | Temple   | Entered the Ecumenical Temple
  4252 | Temple   | Became a worshipper of Sif Muna the Loreminder
  4334 | D:4      | Reached skill level 8 in Conjurations
  4680 | D:4      | Found a shadowy altar of Dithmenos.
  5199 | D:5      | Entered Level 5 of the Dungeon
  5272 | D:5      | Your scales start taking on a fiery red colour.
  5272 | D:5      | Reached XP level 7. HP: 50/50 MP: 7/10
  5272 | D:5      | Gained mutation: Your flesh is heat resistant. (rF+) [Red Draconian growth]
  5278 | D:5      | Found a hazy altar of Hepliaklqana.
  5476 | D:5      | Found a stormy altar of Qazlal.
  5489 | D:5      | Reached * piety under Sif Muna
  5489 | D:5      | Reached skill level 9 in Conjurations
  5670 | D:5      | Noticed Menkaure
  5673 | D:5      | Killed Menkaure
  6205 | D:6      | Reached skill level 10 in Conjurations
  6206 | D:6      | Noticed a hippogriff
  6213 | D:6      | Killed a hippogriff
  6213 | D:6      | Reached XP level 8. HP: 37/57 MP: 6/11
  6346 | D:6      | Reached ** piety under Sif Muna
  6498 | D:6      | Reached skill level 11 in Conjurations
  6789 | D:6      | Found a sacrificial altar of Ru.
  7008 | D:6      | Learned a level 4 spell: Force Lance
  7436 | D:7      | Reached skill level 12 in Conjurations
  7667 | D:7      | Reached XP level 9. HP: 62/62 MP: 12/12
  7790 | D:7      | You fall through a shaft!
  7833 | D:8      | Reached *** piety under Sif Muna
  8214 | D:7      | Found a radiant altar of Vehumet.
  8514 | D:8      | Paralysed by a hornet for 3 turns
  8806 | D:8      | Reached skill level 13 in Conjurations
  8809 | D:8      | Killed from afar by an orc priest

Skill      XL: |  1  2  3  4  5  6  7  8  9 |
---------------+----------------------------+-----
Conjurations   | 5 6 7 8 10 12 13 | 13.0
Dodging        | |  1.7
Stealth        | |  1.7
Spellcasting   | |  2.0

Action                   |  1- 3 |  4- 6 |  7- 9 || total
-------------------------+-------+-------+-------++-------
Melee: Unarmed           |    72 |       |       ||    72
       Tailslap          |     9 |    27 |    10 ||    46
       Dagger            |    44 |   179 |       ||   223
       Rapier            |       |     3 |    80 ||    83
       Spear             |       |       |    21 ||    21
 Cast: Magic Dart        |    70 |    98 |   116 ||   284
       Searing Ray       |       |     9 |    18 ||    27
       Iskenderun's Myst |       |     1 |     3 ||     4
 Abil: Breathe Fire      |       |       |    16 ||    16
  Use: Scroll            |       |     5 |       ||     5
       Potion            |       |     1 |       ||     1
 Stab: Distracted        |       |     1 |       ||     1
       Sleeping          |       |       |     2 ||     2
  Eat: Chunk             |     5 |    13 |    15 ||    33
       Fruit             |       |       |     1 ||     1
Armor: Skin              |    36 |    86 |    56 ||   178
Dodge: Dodged            |    98 |   155 |   104 ||   357
